 Dungeon Crawl Stone Soup version 0.24-a0-317-g5cb8de4 (webtiles) character file.

Game seed: 3421987114204472505

6062 MisterFreud the Grappler (level 10, -9/76 HPs)
             Began as a Troll Hunter on May 16, 2019.
             Was a Believer of Hepliaklqana.
             Killed from afar by a swamp worm (14 damage)
             ... with a harpoon shot
             ... on level 9 of the Dungeon.
             The game lasted 00:17:07 (7192 turns).

MisterFreud the Grappler (Troll Hunter)             Turns: 7192, Time: 00:17:08

Health: -9/76      AC:  8    Str: 25    XL:     10   Next: 57%
Magic:  9/9        EV: 14    Int:  7    God:    Hepliaklqana [**....]
Gold:   202        SH:  0    Dex: 10    Spells: 9/9 levels left

rFire    + . .     SeeInvis .     - Unarmed
rCold    + . .     Gourm    +   (no shield)
rNeg     . . .     Faith    .   p - +2 robe
rPois    .         Spirit   .   (helmet restricted)
rElec    .         Reflect  .   (no cloak)
rCorr    .         Harm     .   (gloves unavailable)
MR       .....                  (boots unavailable)
Stlth    +.........             o - amulet of regeneration
HPRegen  1.02/turn              n - ring of protection from fire
MPRegen  0.11/turn              b - ring of protection from cold

@: no status effects
A: large, unfitting armour, reduced essence, claws 3, fast metabolism 3,
gourmand, regeneration 1, shaggy fur 1, tough skin 3
a: Recall Ancestor, Ancestor Identity, Renounce Religion


You were on level 9 of the Dungeon.
You worshipped Hepliaklqana.
Hepliaklqana was pleased with you.
You were very full.

You visited 2 branches of the dungeon, and saw 10 of its levels.
You also visited: Sewer.

You collected 531 gold pieces.
You spent 329 gold pieces at shops.

Inventory:

Hand Weapons
 s - the +5 flail of Lules {crush, rElec rF+}
   (You found it in a sewer)

   It inflicts extra damage upon your enemies.
   It protects you from fire.
   It insulates you from electricity.
Missiles
 a - 275 stones
 c - 5 large rocks (quivered)
 d - 3 throwing nets
 t - 16 boomerangs
 x - 7 javelins
Armour
 p - a +2 robe (worn)
Jewellery
 b - a ring of protection from cold (right claw)
 n - a ring of protection from fire (left claw)
 o - an amulet of regeneration (around neck)
Wands
 g - a wand of enslavement (6)
 v - a wand of iceblast (10)
Scrolls
 h - 6 scrolls of teleportation
 l - a scroll of amnesia
 u - 5 scrolls of magic mapping
 w - 2 scrolls of enchant weapon
 y - 5 scrolls of identify
 B - 3 scrolls of remove curse
Potions
 e - 3 potions of mutation
 i - 3 potions of agility
 j - 2 potions of cancellation
 k - 6 potions of curing
 m - 3 potions of lignification
 q - 2 potions of heal wounds
 r - 4 potions of flight
 z - a potion of might
 A - 3 potions of haste
Comestibles
 f - 21 rations


   Skills:
 - Level 1.5 Fighting
 - Level 6.0 Throwing
 + Level 9.7 Dodging
 - Level 0.3 Stealth
 - Level 10.0 Unarmed Combat


You had 9 spell levels left.
You didn't know any spells.
Your spell library was empty.

Dungeon Overview and Level Annotations

Branches:
Dungeon (9/15)             Temple (1/1) D:5            Lair (0/6) D:8
    Orc: D:9-12

Altars:
Ashenzari
Cheibriados
Dithmenos
Elyvilon
Fedhas
Gozag
Hepliaklqana
Kikubaaqudgha
Makhleb
Nemelex Xobeh
Okawaru
Qazlal
Ru
Sif Muna
Trog
Uskayaw
Vehumet
Wu Jian
Xom
Yredelemnul
Zin
The Shining One

Shops:
D:4 [   D:5 (   D:6 ?   D:7 !!

Annotations:
D:7 3 runed translucent doors, PeterLawrence's ghost, novice MiFi


Innate Abilities, Weirdness & Mutations

You are too large for most types of armour.
You have claws for hands.
Your metabolism is lightning-fast.
You like to eat raw meat.
Your natural rate of healing is unusually fast.
You are covered in fur. (AC +1)
You have extremely tough skin. (AC +3)
Your life essence is reduced to manifest your ancestor. (-10% HP)


Message History

You scratch the swamp worm.
You kill the swamp worm!
You start resting.
The swamp worm is too close now for your liking.
A swamp worm is nearby!
The swamp worm throws harpoon shot at you.
The harpoon shot hits you!!
You are yanked forward by the harpoon shot.
The swamp worm bites you.
You are too injured to fight recklessly!
You scratch the swamp worm but do no damage.
The swamp worm bites you!!
* * * LOW HITPOINT WARNING * * *
You closely miss the swamp worm. The swamp worm misses you.
You barely miss the swamp worm. The swamp worm bites you!
* * * LOW HITPOINT WARNING * * *
Zayda closely misses the swamp worm.
The swamp worm throws harpoon shot at you.
The harpoon shot hits you!
You die...

........#.......#....... #.......
........#.......#...######..##...
#####...#........................
# #...#......R#................ #
#.....†.....#...###..#.###### #
#...........#†.......#....... #
#...#########........#....... #
#...#....#...........#....... #
#...#....#..@........#....... #
#...#.(..#R.###########.##### #
#≈≈≈≈≈≈≈.#w.#................
≈≈≈≈≈≈≈≈≈≈.w...............<.
≈#######≈≈≈.######....####...
#≈≈≈## #....#......
?≈≈≈ww≈≈≈≈..... #....#......
#≈≈≈w≈#≈≈≈..... #... ####...
#######≈≈≈#######....#......


You could see the friendly Zayda the knight and 2 swamp worms.

Vanquished Creatures
  Joseph (D:7)
  A komodo dragon (D:8)
  A wyvern (D:9)
  A hungry ghost (D:9)
  5 swamp worms (D:9)
  Edmund (D:4)
  Duvessa (D:4)
  A water moccasin (D:9)
  6 sky beasts
  An ice beast (D:8)
  An eye of draining (D:9)
  3 ogres
  6 bullfrogs
  Dowan (D:4)
  A scorpion (D:5)
  3 wights (D:6)
  A howler monkey (D:9)
  7 crimson imps
  3 hounds
  A gnoll shaman (D:5)
  7 orc priests
  4 centaur skeletons
  Jessica (D:2)
  7 iguanas
  6 orc wizards
  7 worker ants
  3 hound skeletons
  A howler monkey zombie (D:5)
  5 gnolls (D:6)
  10 adders
  A shadow imp (D:6)
  3 oozes
  An adder zombie (D:5)
  2 worms
  18 leopard geckos
  16 orcs
  14 bats
  4 giant cockroaches
  6 goblins
  6 hobgoblins
  11 jackals
  7 quokkas
  6 ball pythons
  10 frilled lizards
  A jackal skeleton (D:6)
  11 kobolds
  12 rats
226 creatures vanquished.

Vanquished Creatures (collateral kills)
  A two-headed ogre (D:6)
  A spriggan (D:7)
  Blork the orc (D:5)
  A wight (D:6)
  2 crimson imps
  A howler monkey (D:5)
  2 hounds
  A shadow imp (D:6)
  2 orcs
  A quokka (D:8)
  A plant (D:9)
14 creatures vanquished.

Vanquished Creatures (others)
  A wizard (D:8)
  A knight (D:9)
  An ancestor (D:6)
  4 plants
7 creatures vanquished.

Grand Total: 247 creatures vanquished

Notes
Turn   | Place    | Note
-------+----------+-------------------------------------------
     0 | D:1      | MisterFreud the Troll Hunter began the quest for the Orb.
     0 | D:1      | Reached XP level 1. HP: 19/19 MP: 0/0
    35 | D:1      | Reached skill level 1 in Unarmed Combat
    64 | D:1      | Reached XP level 2. HP: 24/27 MP: 1/1
   207 | D:1      | Reached skill level 2 in Unarmed Combat
   493 | D:1      | Reached XP level 3. HP: 29/33 MP: 2/2
   733 | D:2      | Reached skill level 3 in Unarmed Combat
   952 | D:2      | Noticed Jessica
   961 | D:2      | Killed Jessica
  1027 | D:2      | Reached XP level 4. HP: 37/41 MP: 3/3
  1175 | D:2      | Reached skill level 4 in Unarmed Combat
  1514 | D:3      | Found a deep blue altar of Sif Muna.
  1520 | D:3      | Found a faded altar of an unknown god.
  1560 | D:3      | Found a glowing drain.
  1571 | Sewer    | Entered a sewer
  1693 | Sewer    | Reached XP level 5. HP: 48/48 MP: 4/4
  1735 | Sewer    | Reached skill level 5 in Unarmed Combat
  1780 | Sewer    | Got a jewelled flail
  1869 | D:3      | Found a basalt altar of Yredelemnul.
  2193 | D:3      | Identified the +5 flail of Lules {crush, rElec rF+} (You
                  | found it in a sewer)
  2232 | D:4      | Reached skill level 6 in Unarmed Combat
  2232 | D:4      | Reached XP level 6. HP: 34/55 MP: 5/5
  2416 | D:4      | Noticed Edmund
  2494 | D:4      | Killed Edmund
  2494 | D:4      | Reached XP level 7. HP: 48/62 MP: 6/6
  2550 | D:4      | Found Vaurasch's Antique Armour Shoppe.
  2606 | D:3      | Reached skill level 7 in Unarmed Combat
  2709 | D:4      | Bought an embroidered robe for 85 gold pieces
  2921 | D:4      | Noticed Duvessa
  2923 | D:4      | Noticed Dowan
  2940 | D:4      | Killed Duvessa
  2947 | D:4      | Killed Dowan
  3253 | D:5      | Entered Level 5 of the Dungeon
  3253 | D:5      | Found Caskot's Antique Weapon Emporium.
  3274 | D:5      | Found a staircase to the Ecumenical Temple.
  3288 | Temple   | Entered the Ecumenical Temple
  3504 | Temple   | Became a worshipper of Hepliaklqana the Forgotten
  3531 | D:5      | Reached XP level 8. HP: 63/63 MP: 7/7
  3631 | D:5      | Found a sacrificial altar of Ru.
  3695 | D:5      | Noticed Blork the orc
  3703 | D:5      | Killed Blork the orc
  3759 | D:5      | Reached skill level 8 in Unarmed Combat
  3806 | D:5      | Found a shimmering altar of Xom.
  3893 | D:5      | Reached skill level 5 in Dodging
  4106 | D:5      | Found a glowing silver altar of Zin.
  4214 | D:6      | Noticed a +0 dagger
  4215 | D:6      | Noticed a +0 hand axe
  4222 | D:6      | Found a hide-covered altar of Uskayaw.
  4265 | D:6      | Found Diufon's Magic Scroll Emporium.
  4307 | D:6      | Bought a scroll of magic mapping for 35 gold pieces
  4307 | D:6      | Bought a scroll of teleportation for 30 gold pieces
  4307 | D:6      | Bought a scroll of identify for 20 gold pieces
  4307 | D:6      | Bought a scroll of identify for 20 gold pieces
  4473 | D:6      | Found an opulent altar of Gozag.
  4487 | D:6      | Reached XP level 9. HP: 44/68 MP: 8/8
  4517 | D:6      | Noticed a two-headed ogre
  4518 | D:6      | Reached * piety under Hepliaklqana
  4527 | D:6      | HP: 2/68 [two-headed ogre/+0 giant club (14)]
  4530 | D:6      | Killed a two-headed ogre
  4530 | D:6      | Reached skill level 5 in Throwing
  4530 | D:6      | Reached skill level 9 in Unarmed Combat
  4672 | D:6      | Reached skill level 10 in Unarmed Combat
  4854 | D:7      | Found Ydod's Distillery.
  4871 | D:7      | Bought a potion of might for 64 gold pieces
  5110 | D:7      | Found Woinonie's Distillery.
  5118 | D:7      | Bought a potion of heal wounds for 75 gold pieces
  5177 | D:7      | Found a runed translucent gate.
  5178 | D:7      | Found a runed translucent gate.
  5179 | D:7      | Found a runed translucent gate.
  5181 | D:7      | Noticed PeterLawrence's ghost (novice MiFi)
  5497 | D:7      | Noticed Joseph
  5506 | D:7      | Killed Joseph
  5529 | D:7      | Reached XP level 10. HP: 76/76 MP: 9/9
  5589 | D:7      | Found an iron altar of Okawaru.
  6011 | D:8      | Found a staircase to the Lair.
  6282 | D:8      | Reached ** piety under Hepliaklqana
  6283 | D:8      | Remembered your ancestor Zayda as a knight
  6304 | D:8      | Found a shadowy altar of Dithmenos.
  6337 | D:8      | Found a bloodstained altar of Trog.
  6338 | D:8      | Noticed a wizard
  6343 | D:8      | Killed a wizard
  7192 | D:9      | Killed from afar by a swamp worm

Levels and vault maps discovered:
D:1:      wheals_arrival_shading, layout_basic, chequers_serial_rivers_micro_a,
          minmay_cut_off
D:2:      layout_loops_cross, first_ration, uniq_jessica
D:3:      cheibrodos_old_hovel, layout_basic, yredelemnul_altar_generic,
          lemuel_crystal_altar, chequers_ecumenical_altar_simple_redux,
          cheibrodos_sewer_entry_drain
D:4:      layout_gridville, serial_shops, shop, minivault_24,
          kennysheep_decorative_pillar, uniq_edmund, uniq_duvessa
D:5:      layout_basic, xom_teletrap_fun, kennysheep_mini_moat,
          lemuel_doored_altar, minmay_temple_entry_gardened_gates, serial_shops,
          shop, grunt_ministairs_15, uniq_blork_the_orc
D:6:      layout_rooms, nicolae_gozag_seed_capital, dancing_weapons_uskayaw,
          serial_shops, shop_scrolls, minmay_circle_x
D:7:      layout_layer_cave, kennysheep_mini, serial_shops,
          nicolae_shop_temple_entry_statues_fountains, shop,
          gammafunk_ghost_necromancy, the_bakery, uniq_joseph
D:8:      layout_loops_ring, lemuel_coloured_pillars_altar, david_lair_shrubbed,
          trog_wizard
D:9:      kennysheep_big_flooded_room, layout_grid_maze, worms_lemuel,
          uniq_pikel, uniq_grum
Temple:   nicolae_temple_figure_eight

Skill      XL: |  1  2  3  4  5  6  7  8  9 10 |
---------------+-------------------------------+-----
Unarmed Combat | 1 2 3 4 6 7 8 10 | 10.0
Dodging        | 2 4 6 7 9 |  9.7
Throwing       | 4 6 |  6.0
Fighting       | |  1.5
Stealth        | |  0.3

Action                   |  1- 3 |  4- 6 |  7- 9 | 10-12 || total
-------------------------+-------+-------+-------+-------++-------
Melee: Unarmed           |   113 |   207 |   281 |   134 ||   735
       Punch             |       |     8 |     9 |     6 ||    23
Throw: Large rock        |       |       |     1 |     2 ||     3
Invok: Ancestor Life: Kn |       |       |       |     1 ||     1
  Use: Scroll            |       |     7 |    10 |     1 ||    18
       Potion            |       |     1 |       |       ||     1
 Stab: Sleeping          |     1 |     1 |     3 |       ||     5
  Eat: Chunk             |    12 |    14 |    27 |    19 ||    72
Armor: Robe              |    46 |    84 |    75 |    33 ||   238
Dodge: Dodged            |    47 |   114 |   129 |    45 ||   335

Table legend:
 A = Non-vault XP
 B = Vault XP
 C = Vault XP percentage of total XP
 D = Non-vault monster count
 E = Vault monster count
 F = Vault count percentage of total count
                 A         B        C        D         E       F
            +---------+---------+-------+---------+---------+-------
      Total |    5059 |    3602 |  41.6 |     194 |      45 |  18.8
            +---------+---------+-------+---------+---------+-------
        D:1 |      36 |       6 |  14.3 |      22 |       4 |  15.4
        D:2 |      43 |      37 |  46.2 |      14 |       1 |   6.7
        D:3 |     303 |       4 |   1.3 |      38 |       3 |   7.3
        D:4 |     423 |     384 |  47.6 |      20 |       3 |  13.0
        D:5 |     482 |     144 |  23.0 |      20 |       5 |  20.0
        D:6 |    1522 |     992 |  39.5 |      36 |       3 |   7.7
        D:7 |     298 |     722 |  70.8 |       9 |       2 |  18.2
        D:8 |     853 |     372 |  30.4 |      20 |       1 |   4.8
        D:9 |    1099 |     801 |  42.2 |      15 |       5 |  25.0
      Sewer |       0 |     140 | 100.0 |       0 |      18 | 100.0
            +---------+---------+-------+---------+---------+-------
